 Dungeon Crawl Stone Soup version 0.25.1-2-g60ff931df9 (webtiles) character file.

Game seed: 10639002269057152319

6309 gruber the Protected (level 10, 0/95 HPs)
             Began as a Minotaur Gladiator on Aug 18, 2020.
             Was a Believer of Makhleb.
             Shot with an arrow by a centaur (6 damage)
             ... on level 10 of the Dungeon.
             The game lasted 00:09:11 (9429 turns).

gruber the Protected (Minotaur Gladiator)           Turns: 9429, Time: 00:09:12

Health: 0/95       AC: 10    Str: 22    XL:     10   Next: 64%
Magic:  9/9        EV: 22    Int:  5    God:    Makhleb [**....]
Gold:   460        SH:  5    Dex: 18    Spells: 9/9 levels left

rFire    . . .     SeeInvis .   u - +0 war axe "Byrhusiph" {elec, rPois rC++} (curse)
rCold    + + .     Gourm    .   (no shield)
rNeg     . . .     Faith    .   x - +3 ring mail
rPois    +         Spirit   .   c - +0 hat
rElec    .         Reflect  +   (no cloak)
rCorr    .         Harm     .   (no gloves)
MR       .....                  (no boots)
Stlth    +.........             t - amulet of reflection
HPRegen  0.25/turn              F - +6 ring of dexterity
MPRegen  0.11/turn              b - +4 ring of evasion

@: no status effects
A: retaliatory headbutt, horns 2
a: Minor Destruction, Renounce Religion


You were on level 10 of the Dungeon.
You worshipped Makhleb.
Makhleb was pleased with you.
You were not hungry.

You visited 2 branches of the dungeon, and saw 11 of its levels.

You collected 460 gold pieces.

Inventory:

Hand Weapons
 h - a +0 dagger of venom
 u - the cursed +0 war axe "Byrhusiph" (weapon) {elec, rPois rC++}
   (You found it on level 6 of the Dungeon)

   Occasionally, upon striking a foe, it will discharge some electrical energy
   and cause terrible harm.
   It greatly protects you from cold.
   It protects you from poison.
   It has a curse placed upon it.
 D - a +3 whip of freezing
Missiles
 d - 6 throwing nets (quivered)
 E - an atropa-tipped dart
Armour
 c - a +0 hat (worn)
 x - a +3 ring mail (worn)
Jewellery
 b - a +4 ring of evasion (right hand)
 g - an uncursed ring of poison resistance
 t - an amulet of reflection (around neck)
 F - a +6 ring of dexterity (left hand)
 K - an uncursed ring of magical power {unknown}
Wands
 o - a wand of flame (23)
 w - a wand of polymorph (6)
 H - a wand of random effects (21)
Scrolls
 i - 5 scrolls of identify
 k - a scroll of magic mapping
 l - 3 scrolls of teleportation
 m - 3 scrolls of amnesia
 q - a scroll of noise {unknown}
 v - 2 scrolls of remove curse
 y - 2 scrolls of blinking {unknown}
 A - 2 scrolls of enchant armour {unknown}
 C - a scroll of random uselessness {unknown}
 G - a scroll of fear {unknown}
 J - a scroll of torment {unknown}
Potions
 a - a potion of might {unknown}
 e - 10 potions of curing {unknown}
 j - 2 potions of heal wounds
 n - a potion of mutation {unknown}
 p - a potion of degeneration {unknown}
 r - a potion of ambrosia {unknown}
 s - a potion of resistance {unknown}
 z - 4 potions of flight {unknown}
 B - a potion of lignification {unknown}
Comestibles
 f - 20 rations
 I - 5 chunks of flesh


   Skills:
 - Level 11.1 Fighting
   Level 3.6 Long Blades
 - Level 2.0 Throwing
 * Level 12.5 Armour
 - Level 9.1 Dodging


You had 9 spell levels left.
You didn't know any spells.
Your spell library contained the following spells:

 Spells                   Type           Power        Failure   Level  Hunger
 Animate Skeleton         Necr           N/A          58%         1    ##.....
 Pain                     Necr           #...         58%         1    ##.....
 Poisonous Vapours        Pois/Air       #.....       75%         2    ###....
 Conjure Flame            Conj/Fire      #.......     92%         3    ####...
 Mephitic Cloud           Conj/Pois/Air  #.......     92%         3    ####...
 Freezing Cloud           Conj/Ice/Air   #.........   100%        6    #######
 Ring of Flames           Chrm/Fire      #.........   100%        7    #######


Dungeon Overview and Level Annotations

Branches:
Dungeon (10/15)            Temple (1/1) D:7
   Lair: D:8-11         Orc: D:9-12

Altars:
Ashenzari
Cheibriados
Dithmenos
Elyvilon
Fedhas
Gozag
Hepliaklqana
Kikubaaqudgha
Makhleb
Nemelex Xobeh
Okawaru
Qazlal
Ru
Sif Muna
Trog
Uskayaw
Vehumet
Wu Jian
Xom
Yredelemnul
Zin
The Shining One
Lugonu

Shops:
D:9 %

Annotations:
D:5 1 transporter


Innate Abilities, Weirdness & Mutations

You reflexively headbutt those who attack you in melee.
You have a pair of horns on your head.


Message History

The arrow hits the centaur!
You kill the centaur!
Makhleb accepts your kill.
The centaur shoots an arrow.
The arrow closely misses you.
The centaur shoots an arrow.
You reflect the arrow off an invisible shield around you!
The arrow hits the centaur!
The centaur shoots an arrow.
The arrow hits you but does no damage.
The centaur shoots an arrow.
The arrow misses you.
Unknown command.
The centaur shoots an arrow.
The arrow closely misses you.
The centaur shoots an arrow.
The arrow hits you but does no damage.
The centaur shoots an arrow.
You reflect the arrow off an invisible shield around you!
The arrow hits the centaur.
The centaur shoots an arrow.
The arrow hits you!
* * * LOW HITPOINT WARNING * * *
Unknown command.
The centaur shoots an arrow.
The arrow closely misses you.
The centaur shoots an arrow.
The arrow hits you.
You die...

#......# #.
#.....##.# #.#
#........# ..
#....###...#
#.##....# ..#
#..#.#### #
#.#.#
#..(######. #
##.@(......
≈≈≈###.(######.
≈≈≈≈≈≈.(#...##
≈≈≈≈≈≈≈<...=.#
)≈≈≈≈≈≈>.....#
cc≈≈≈≈≈........
.c≈≈≈≈≈........
.cc≈≈≈≈.$.≈.≈..
...≈≈≈#.....≈..


You could see 5 centaurs.

Vanquished Creatures
  Harold (D:8)
  Pikel (D:5)
  Maggie (D:9)
  A kobold demonologist (D:8)
  Grinder (D:5)
  2 hippogriffs
  Sigmund (D:3)
  Eustachio (D:5)
  A steam dragon (D:9)
  6 orc warriors
  2 sky beasts (D:7)
  A slave (D:5)
  3 ice beasts
  5 centaurs
  An ogre (D:6)
  A big kobold (D:7)
  4 bullfrogs
  3 wights (D:9)
  2 howler monkeys (D:9)
  3 crimson imps
  3 hounds
  5 orc priests
  3 centaur skeletons
  20 orc wizards
  2 bullfrog skeletons
  Jessica (D:2)
  Ijyb (D:3)
  Terence (D:3)
  6 worker ants
  2 iguanas
  A hound zombie (D:6)
  A worker ant zombie (D:7)
  A howler monkey skeleton (D:4)
  Robin (D:3)
  11 gnolls
  5 adders
  An ooze (D:1)
  3 adder skeletons
  A worm (D:3)
  A dart slug (D:1)
  6 leopard geckos
  30 orcs
  8 giant cockroaches
  14 goblins
  7 hobgoblins
  14 jackals
  18 kobolds
  6 quokkas
  2 ball pythons
  6 bats
  3 frilled lizards (D:1)
  A quokka zombie (D:8)
  11 rats
237 creatures vanquished.

Notes
Turn   | Place    | Note
-------+----------+-------------------------------------------
     0 | D:1      | gruber the Minotaur Gladiator began the quest for the Orb.
     0 | D:1      | Reached XP level 1. HP: 18/18 MP: 0/0
    18 | D:1      | Reached skill level 1 in Armour
    24 | D:1      | Reached skill level 2 in Armour
    25 | D:1      | Reached XP level 2. HP: 13/25 MP: 1/1
   284 | D:1      | Reached skill level 3 in Armour
   495 | D:1      | Reached XP level 3. HP: 30/30 MP: 2/2
  1028 | D:2      | Reached skill level 4 in Armour
  1157 | D:2      | Found a hazy altar of Hepliaklqana.
  1260 | D:2      | Noticed Jessica
  1267 | D:2      | Killed Jessica
  1267 | D:2      | Reached XP level 4. HP: 35/37 MP: 3/3
  1284 | D:2      | Identified Jessica's Guide on Stolen Souls
  1365 | D:2      | Reached skill level 5 in Armour
  1679 | D:3      | Noticed Robin
  1725 | D:3      | Killed Robin
  2113 | D:3      | Noticed Sigmund
  2141 | D:3      | Killed Sigmund
  2141 | D:3      | Reached skill level 7 in Armour
  2141 | D:3      | Reached XP level 5. HP: 26/42 MP: 4/4
  2141 | D:3      | Reached XP level 6. HP: 31/50 MP: 5/5
  2311 | D:3      | Found a bloodstained altar of Trog.
  2312 | D:3      | Found an ornate altar of the Wu Jian Council.
  2503 | D:3      | Noticed Ijyb
  2540 | D:3      | Killed Ijyb
  2878 | D:3      | Noticed Terence
  2890 | D:3      | Killed Terence
  3315 | D:4      | Found a shadowy altar of Dithmenos.
  3597 | D:5      | Entered Level 5 of the Dungeon
  3608 | D:5      | Reached skill level 5 in Dodging
  3638 | D:5      | Noticed an ice beast
  3646 | D:5      | Reached XP level 7. HP: 56/56 MP: 6/6
  3845 | D:5      | Noticed Eustachio
  3899 | D:5      | Killed Eustachio
  4193 | D:5      | Noticed Pikel
  4210 | D:5      | Killed Pikel
  4210 | D:5      | Reached XP level 8. HP: 56/62 MP: 7/7
  4361 | D:5      | Found an opulent altar of Gozag.
  4582 | D:5      | Noticed Grinder
  4607 | D:5      | Paralysed by Grinder for 2 turns
  4612 | D:5      | Killed Grinder
  4872 | D:5      | Reached skill level 5 in Fighting
  4934 | D:5      | Found a shimmering altar of Xom.
  5058 | D:5      | Found a sparkling altar of Nemelex Xobeh.
  5058 | D:5      | Found a transporter.
  5059 | D:5      | Noticed a hippogriff
  5059 | D:5      | Noticed a centaur warrior
  5736 | D:6      | Got an encrusted war axe
  5737 | D:6      | Identified the cursed +0 war axe "Byrhusiph" {elec, rPois
                  | rC++} (You found it on level 6 of the Dungeon)
  5822 | D:6      | Reached XP level 9. HP: 41/81 MP: 8/8
  6508 | D:7      | Found a shattered altar of Ashenzari.
  6516 | D:7      | Reached skill level 10 in Fighting
  6550 | D:7      | Found a staircase to the Ecumenical Temple.
  6670 | Temple   | Entered the Ecumenical Temple
  6699 | Temple   | Became a worshipper of Makhleb the Destroyer
  6853 | D:7      | Found a sparkling altar of Nemelex Xobeh.
  6853 | D:7      | Found a sacrificial altar of Ru.
  7882 | D:8      | Reached skill level 8 in Armour
  7924 | D:8      | Noticed Harold
  7941 | D:8      | Killed Harold
  7941 | D:8      | Reached skill level 9 in Armour
  7941 | D:8      | Reached XP level 10. HP: 80/95 MP: 9/9
  8181 | D:8      | Found an ancient bone altar of Kikubaaqudgha.
  8187 | D:8      | Noticed a soul eater
  8187 | D:8      | Reached skill level 10 in Armour
  8192 | D:8      | Found a radiant altar of Vehumet.
  8273 | D:8      | Found a shimmering blue altar of Sif Muna.
  8475 | D:8      | Found a glowing silver altar of Zin.
  8475 | D:8      | Found a glowing golden altar of the Shining One.
  8475 | D:8      | Found a white marble altar of Elyvilon.
  8485 | D:9      | Found Zeuvaup's Food Shop.
  8493 | D:9      | Reached * piety under Makhleb
  8540 | D:9      | Reached skill level 11 in Armour
  8588 | D:9      | Found a stormy altar of Qazlal.
  8721 | D:9      | Noticed Maggie
  8729 | D:9      | Killed Maggie
  8969 | D:9      | Reached skill level 12 in Armour
  9104 | D:9      | Reached ** piety under Makhleb
  9350 | D:10     | Entered Level 10 of the Dungeon
  9429 | D:10     | Shot with an arrow by a centaur

Illustrated notes

Levels and vault maps discovered:
D:1:      lightli_arrival_statuegarden, layout_rooms
D:2:      layout_rooms, lemuel_doored_altar, kennysheep_jessica_study
D:3:      layout_loops_ring, chequers_temple_overflow_statue_of_worship,
          first_ration, uniq_ijyb, uniq_terence, uniq_sigmund, uniq_robin
D:4:      layout_basic, grunt_dithmenos_smoke, hangedman_abyss_or_decor_stagger
D:5:      layout_basic, grunt_gozag_breadcrumbs, overflow_temple_1_default,
          grunt_nemelex_the_gamble, uniq_eustachio, uniq_grinder, uniq_pikel
D:6:      layout_basic
D:7:      layout_gridville, gammafunk_temple_overflow_elements,
          ashenzari_conservatory_becter, minmay_temple_entry_nine_rooms,
          skrybe_limestone_x, small_statue_intersection
D:8:      layout_basic, good_gods_mini_temple, palyth_temple_overflow_mages,
          uniq_harold
D:9:      layout_irregular_city, kennysheep_mini, serial_shops, shop,
          uniq_maggie
D:10:     layout_basic, erik_lair_island, basic_altar,
          hangedman_pestilent_swarm, centaur_isle, uniq_psyche
Temple:   corrupted_temple

Skill      XL: |  1  2  3  4  5  6  7  8  9 10 |
---------------+-------------------------------+-----
Armour         | 2 3 4 7 9 12 | 12.5
Dodging        | 5 9 |  9.1
Fighting       | 7 11 | 11.1
Long Blades    | |  3.6
Throwing       | |  2.0

Action                   |  1- 3 |  4- 6 |  7- 9 | 10-12 || total
-------------------------+-------+-------+-------+-------++-------
Melee: Long sword        |    25 |       |       |       ||    25
       Headbutt          |    13 |    24 |    57 |    16 ||   110
       Dagger            |    57 |   141 |    53 |       ||   251
       Spear             |       |    17 |    41 |       ||    58
       Unarmed           |       |    34 |       |       ||    34
       Whip              |       |       |    56 |       ||    56
       War axe           |       |       |   119 |   103 ||   222
Throw: Dart              |       |       |     1 |       ||     1
       Throwing net      |       |       |       |     1 ||     1
Evoke: Wand              |       |       |     2 |       ||     2
  Use: Scroll            |       |       |     7 |       ||     7
  Eat: Chunk             |     1 |     7 |    11 |     5 ||    24
       Ration            |       |       |     1 |       ||     1
Armor: Leather armour    |    27 |    15 |       |       ||    42
       Ring mail         |       |    16 |    61 |    31 ||   108
       Scale mail        |       |     3 |       |       ||     3
Dodge: Dodged            |    70 |    76 |   230 |   137 ||   513
Block: Other             |       |    15 |    58 |    35 ||   108
       Reflection        |       |       |     4 |    13 ||    17
       Rpst.: Long sword |     7 |       |       |       ||     7
